 Dungeon Crawl Stone Soup version 0.27.0-1-g7a089689b8 (webtiles) character file.

Game seed: 18206386772972822627

1191 Kinoniko the Cleaver (level 8, -3/94 HPs)
             Began as a Purple Draconian Berserker on Aug 10, 2021.
             Was a Priest of Trog.
             Succumbed to a killer bee's poison
             ... on level 5 of the Dungeon.
             The game lasted 00:05:16 (6210 turns).

Kinoniko the Cleaver (Purple Draconian Berserker)   Turns: 6210, Time: 00:05:17

Health: -3/94      AC:  6    Str: 21    XL:     8   Next: 20%
Magic:  8/8        EV: 11    Int:  7    God:    Trog [***...]
Gold:   185        SH: 12    Dex: 12    Spells: 7/7 levels left

rFire    + . .     SeeInvis .   a - +0 hand axe
rCold    . . .     Faith    .   g - +2 kite shield
rNeg     . . .     Spirit   .   (armour unavailable)
rPois    .         Reflect  .   (helmet restricted)
rElec    .         Harm     .   (no cloak)
rCorr    .         Rampage  .   (no gloves)
Will     +....                  (no boots)
Stlth    ..........             (no amulet)
HPRegen  0.25/turn              p - ring of protection from fire
MPRegen  0.11/turn              (no ring)

@: berserking, lethally poisoned (-3 -> -28), very quick
A: breathe power, AC +6, unfitting armour, cold-blooded
a: Breathe Dispelling Energy, Renounce Religion, Berserk, Trog's Hand


You were on level 5 of the Dungeon.
You worshipped Trog.
Trog was most pleased with you.
You visited 1 branch of the dungeon, and saw 5 of its levels.

You collected 185 gold pieces.

Inventory:

Hand Weapons
 a - a +0 hand axe (weapon)
Missiles
 n - a throwing net (quivered)
Armour
 g - a +2 kite shield (worn)
Jewellery
 p - a ring of protection from fire (left hand)
Wands
 b - a wand of acid (7)
 e - a wand of paralysis (6)
Scrolls
 f - 3 scrolls of teleportation
 h - a scroll of fog
 l - a scroll of enchant armour
 m - 2 scrolls of noise
 q - a scroll of fear
Potions
 c - 4 potions of brilliance
 d - 2 potions of attraction
 i - 2 potions of heal wounds {unknown}
 j - a potion of haste {unknown}
 k - 3 potions of degeneration {unknown}


   Skills:
 - Level 3.3 Fighting
 * Level 8.6 Axes
 - Level 3.5 Dodging
 + Level 4.8 Shields


You had 7 spell levels left.
You didn't know any spells.
Your spell library was empty.

Dungeon Overview and Level Annotations

Branches:
Dungeon (5/15)
 Temple: D:4-7

Altars:
Cheibriados
Elyvilon
Ru
Yredelemnul


Innate Abilities, Weirdness & Mutations

You can breathe bolts of dispelling energy.
Your rich purple scales are hard. (AC +6)
You cannot fit into any form of body armour.
You are cold-blooded and may be slowed by cold attacks.


Message History

You closely miss the killer bee.
You feel very sick. The killer bee stings you!
You are more poisoned.
The killer bee poisons you! The killer bee stings you.
* * * LOW HITPOINT WARNING * * *
The killer bee stings you.
* * * LOW HITPOINT WARNING * * *
You are more poisoned.
The killer bee poisons you! You block the killer bee's attack.
You miss the killer bee.
The killer bee is severely wounded.
You hit the killer bee. x2
* * * LOW HITPOINT WARNING * * *
You feel very sick.
You block the killer bee's attack. x2; The killer bee barely misses you.
The killer bee stings you but does no damage.
You are too berserk!
You slash the killer bee!
You kill the killer bee!
Trog accepts your kill.
You hit the killer bee. You completely miss the killer bee.
* * * LOW HITPOINT WARNING * * *
You feel very sick. The killer bee stings you.
* * * LOW HITPOINT WARNING * * *
The killer bee stings you but does no damage.
You block the killer bee's attack.
You miss the killer bee. You tail-slap the killer bee.
You kill the killer bee!
Trog accepts your kill.
You miss the killer bee.
* * * LOW HITPOINT WARNING * * *
You feel very sick. The killer bee stings you.
* * * LOW HITPOINT WARNING * * *
Unknown command.
You closely miss the killer bee.
The killer bee is heavily wounded.
You die...

*****+#......†.#'##...##....#...#
*,,,,,#........#......#.....#...#
*,,,,,#........#......#.....#...#
*,,,,,#........#......#.....#...#
*,,,,,#........#......#.....#...#
*,,,,,#........###+##############
***+**########..........,,,,,,,,,
,,,,,,,,,,,,,#..$.......,,,,,,,,,
,,,,,,,,,,,,,#..@.......,,,,,,,,,
,,,,,,,,,,,,,#.y††......,,,,,,,,,
,,,,,,,,,,,,,#..........,,,,,,,,,
,,,,,,,,,,,,,#....Y.....,,,,,,,,,
,,,,,,,,,,,,,#..........,,,,,,,,,
,,,,,,,,,,,,,#..........,,,,,,,,,
**********,,,#..........,,,,,,,,,
*,,,,,,***,,,#......####*********
,,,,,,,,,,,,,*,,,,,,*,,,,,,,,,,,*


You could see a sky beast and a killer bee.

Vanquished Creatures
  A water moccasin (D:4)
  3 necrophages (D:4)
  An ogre (D:4)
  A scorpion (D:3)
  A water moccasin zombie (D:5)
  5 killer bees (D:5)
  2 jellies (D:4)
  A gnoll shaman (D:4)
  An orc priest (D:3)
  An iguana (D:5)
  8 gnolls
  9 adders
  An adder skeleton (D:4)
  A worm (D:2)
  3 dart slugs
  5 orcs
  10 ball pythons
  7 bats
  7 endoplasms
  2 giant cockroaches
  3 goblins
  4 hobgoblins
  17 jackals
  9 quokkas
  4 frilled lizards
  7 kobolds
  7 rats
  A spectral orc (D:3)
122 creatures vanquished.

Vanquished Creatures (others)
  22 plants (D:3)
22 creatures vanquished.

Grand Total: 144 creatures vanquished

Notes
Turn   | Place    | Note
-------+----------+-------------------------------------------
     0 | D:1      | Kinoniko the Draconian Berserker began the quest for the
                  | Orb.
     0 | D:1      | Reached XP level 1. HP: 19/19 MP: 1/1
   168 | D:1      | Reached XP level 2. HP: 14/26 MP: 2/2
   771 | D:1      | Reached XP level 3. HP: 28/31 MP: 3/3
  1396 | D:2      | Reached ** piety under Trog
  1397 | D:2      | Reached skill level 4 in Axes
  1687 | D:2      | Reached XP level 4. HP: 20/38 MP: 4/4
  2321 | D:2      | Found a white marble altar of Elyvilon.
  2760 | D:3      | Noticed a scorpion
  2768 | D:3      | Killed a scorpion
  2769 | D:3      | Reached skill level 5 in Axes
  2769 | D:3      | Reached skill level 1 in Shields
  2769 | D:3      | Reached XP level 5. HP: 45/45 MP: 5/5
  3793 | D:3      | Found a basalt altar of Yredelemnul.
  4003 | D:4      | Reached XP level 6. HP: 43/51 MP: 6/6
  4183 | D:4      | Reached skill level 6 in Axes
  4438 | D:4      | Identified the +0 robe of Zast {*Slow rC+ rCorr}
  4623 | D:4      | Your scales start taking on a rich purple colour.
  4623 | D:4      | Reached XP level 7. HP: 38/57 MP: 7/7
  4747 | D:4      | Reached skill level 7 in Axes
  4904 | D:4      | Found a snail-covered altar of Cheibriados.
  4961 | D:4      | HP: 2/57 [poisoned by a water moccasin]
  5369 | D:4      | Found a sacrificial altar of Ru.
  5742 | D:4      | Reached *** piety under Trog
  5949 | D:5      | Entered Level 5 of the Dungeon
  5968 | D:5      | Reached skill level 8 in Axes
  6203 | D:5      | Reached XP level 8. HP: 63/63 MP: 8/8
  6209 | D:5      | HP: 2/94 [poisoned by a killer bee]
  6210 | D:5      | Succumbed to a killer bee's poison

Illustrated notes

Levels and vault maps discovered:
D:1:      psy_arrival_basics, layout_basic, hangedman_decor_slide_cut
D:2:      layout_loops_cross, basic_altar, kennysheep_minor_cross
D:3:      wad_woods_settlement, layout_basic,
          yredelemnul_forgotten_temple_becter
D:4:      layout_basic, overflow_temple_1_default, nicolae_ru_path_of_blood,
          minmay_cut_off
D:5:      layout_gridville

Skill      XL: |  1  2  3  4  5  6  7 |
---------------+----------------------+-----
Dodging        | 3 |  3.5
Axes           | 4 5 6 8 |  8.6
Shields        | 1 2 3 4 |  4.8
Fighting       | |  3.3

Action                   |  1- 3 |  4- 6 |  7- 9 || total
-------------------------+-------+-------+-------++-------
Melee: Hand axe          |   127 |   218 |   127 ||   472
       Tailslap          |    14 |    22 |    17 ||    53
Invok: Berserk           |       |     2 |     4 ||     6
  Use: Scroll            |       |     6 |     2 ||     8
 Stab: Sleeping          |       |     1 |       ||     1
Armor: Skin              |    45 |    74 |    28 ||   147
Dodge: Dodged            |   102 |    87 |    50 ||   239
Block: Kite shield       |       |   125 |    70 ||   195
